 Dungeon Crawl Stone Soup version 0.30-a0-672-gc3a7216ad8 (webtiles) character file.

Game seed: 17879729463334530004

84301 wormed the Summoner (level 15, -1/115 HPs)
             Began as a Demonspawn Summoner on Jan 18, 2023.
             Was a High Priest of Vehumet.
             Slain by a sixfirhy (11 damage)
             ... summoned by an orc high priest
             ... on level 2 of the Orcish Mines.
             The game lasted 01:00:37 (27272 turns).

wormed the Summoner (Demonspawn Summoner)          Turns: 27272, Time: 01:00:38

Health: -1/115     AC: 16    Str:  9    XL:     15   Next: 34%
Magic:  15/31      EV: 16    Int: 28    God:    Vehumet [*****.]
Gold:   1586       SH:  0    Dex: 15    Spells: 2/38 levels left

rFire   + . .      SeeInvis .    (no weapon)
rCold   . . .      Faith    .    (no shield)
rNeg    . . .      Spirit   .    y - +1 troll leather armour
rPois   .          Reflect  .    e - +2 helmet
rElec   .          Harm     .    D - +1 cloak {Stlth+}
rCorr   .          Rampage  .    (no gloves)
Will    +....                    (boots unavailable)
Stlth   +++                      M - amulet of magic regeneration
HPRegen 1.19/turn                o - ring of protection from fire
MPRegen 0.62/turn                O - +6 ring of intelligence

@: mighty, sanguine armoured, hasted, very quick
A: hooves 3, demonic guardian 2, powered by pain 2, sanguine armour 1
a: Renounce Religion


You were on level 2 of the Orcish Mines.
You worshipped Vehumet.
Vehumet was extremely pleased with you.
You visited 5 branches of the dungeon, and saw 23 of its levels.
You also visited: Bailey.

You collected 2210 gold pieces.
You spent 624 gold pieces at shops.

Inventory:

Missiles
 F - 4 throwing nets
Armour
 e - a +2 helmet (worn)
 y - a +1 troll leather armour (worn)
 D - a +1 cloak of stealth (worn)
Jewellery
 o - a ring of protection from fire (left hand)
 s - an amulet of regeneration
 E - a ring of resist corrosion
 I - a +4 ring of protection
 L - a ring of protection from fire
 M - an amulet of magic regeneration (around neck)
 N - a ring of protection from fire
 O - a +6 ring of intelligence (right hand)
Wands
 a - a wand of quicksilver (10)
 k - a wand of paralysis (41)
 m - a wand of roots (10)
 r - a wand of polymorph (26)
 v - a wand of flame (17)
 G - a wand of digging (17)
Scrolls
 l - a scroll of brand weapon
 p - a scroll of magic mapping
 u - 2 scrolls of fear
 w - 4 scrolls of teleportation
 x - 2 scrolls of enchant armour
 C - 10 scrolls of identify
 J - 4 scrolls of enchant weapon
 K - a scroll of butterflies
Potions
 b - 3 potions of magic
 d - 6 potions of curing
 f - 5 potions of resistance
 g - 3 potions of haste
 h - 2 potions of flight
 i - 5 potions of invisibility
 j - 3 potions of lignification
 n - 3 potions of brilliance
 q - 4 potions of mutation
 t - 4 potions of attraction
 z - 5 potions of might
 A - 4 potions of cancellation
 B - 6 potions of ambrosia
 H - a potion of berserk rage


   Skills:
 - Level 10.0 Fighting
 - Level 10.0 Dodging
 - Level 1.7 Stealth
 - Level 12.0 Spellcasting
 - Level 4.0 Hexes
 - Level 14.0 Summonings
 * Level 11.6 Fire Magic
 - Level 7.0 Air Magic


You had 2 spell levels left.
You knew the following spells:

 Your Spells              Type           Power      Damage    Failure   Level
a - Summon Mana Viper     Hex/Summ       61%        N/A       3%          5
b - Summon Cactus Giant   Summ           38%        N/A       2%          6
c - Summon Lightning Spi  Summ/Air       66%        N/A       1%          4
d - Fireball              Conj/Fire      24%        3d11      3%          5
e - Ozocubu's Refrigerat  Ice            8%         4d9       100%        7
f - Inner Flame           Hex/Fire       57%        N/A       1%          3
g - Call Canine Familiar  Summ           76%        N/A       1%          3
x - Summon Guardian Gole  Hex/Summ       61%        N/A       1%          3

Your spell library contained the following spells:

 Spells                   Type           Power      Damage    Failure   Level
 Freezing Cloud           Conj/Ice/Air   14%        6-21      13%         5
 Summon Small Mammal      Summ           100%       N/A       0%          1
 Magic Dart               Conj           64%        1d6       1%          1
 Call Imp                 Summ           76%        N/A       1%          2
 Scorch                   Fire           100%       2d10      1%          2
 Apportation              Tloc           32%        N/A       4%          1
 Dazzling Flash           Conj/Hex       56%        N/A       1%          3
 Ignite Poison            Fire/Tmut/Pois 38%        N/A       1%          3
 Flame Wave               Conj/Fire      49%        2d12      1%          4
 Sticky Flame             Conj/Fire      49%        2d7       1%          4
 Summon Ice Beast         Ice/Summ       54%        N/A       2%          4
 Vhi's Electric Charge    Tloc/Air       72%        N/A       3%          3
 Portal Projectile        Hex/Tloc       56%        N/A       6%          3
 Cause Fear               Hex            19%        N/A       9%          4
 Arcjolt                  Conj/Air       18%        1d28      9%          5
 Ozocubu's Armour         Ice            16%        N/A       14%         3
 Anguish                  Hex/Necr       14%        N/A       21%         4
 Leda's Liquefaction      Hex/Erth       14%        N/A       21%         4
 Spellforged Servitor     Conj/Summ      27%        N/A       45%         7
 Ignition                 Fire           35%        3d11      52%         8
 Alistair's Intoxication  Tmut/Pois      10%        N/A       77%         5
 Maxwell's Capacitive Co  Air            27%        ∞         98%         8
 Enfeeble                 Hex            19%        N/A       100%        7
 Orb of Destruction       Conj           8%         9d6       100%        7
 Discord                  Hex            19%        N/A       100%        8


Dungeon Overview and Level Annotations

Branches:
Dungeon (14/15)            Temple (1/1) D:5            Lair (5/5) D:10
  Swamp (0/4) Lair:3       Spider (1/4) Lair:2        Slime (0/5) Lair:5
    Orc (2/2) D:12            Elf (0/3) Orc:2        Vaults (0/5) D:13
 Bailey (visited)

Altars:
Ashenzari
Cheibriados
Dithmenos
Fedhas
Gozag
Hepliaklqana
Kikubaaqudgha
Makhleb
Nemelex Xobeh
Okawaru
Qazlal
Ru
Sif Muna
Trog
Uskayaw
Vehumet
Wu Jian
Xom
Yredelemnul

Shops:
D:10 [   D:11 =   Orc:1 ?

Portals:
Trove: D:12 (give +3 storm dragon scales)

Annotations:
D:4 2 transporters
D:13 1 runed translucent door
Lair:3 Newt's ghost, journeyman KoHu
Lair:5 exclusion: obsidian statue


Innate Abilities, Weirdness & Mutations

You have hooves in place of feet.
A demonic guardian rushes to your aid.
You sometimes gain power by taking damage.
When seriously injured, your blood forms armour. (AC +6)


Message History

Your mana viper barely misses the sixfirhy.
The sixfirhy hits you. The sixfirhy shocks you!
* * * LOW HITPOINT WARNING * * *
The orc knight roars a battlecry!
Your cactus giant misses the sixfirhy.
The sixfirhy disappears in a puff of smoke!
The orc warrior throws a boomerang.
The boomerang hits your cactus giant!
Items here: )) [[.
A boomerang appears from out of your range of vision.
The boomerang hits your cactus giant.
You see here a +0 club.
A boomerang appears from out of your range of vision.
The boomerang hits your cactus giant!
Things that are here:
a +0 falchion; a +0 flail The bolt hits your cactus giant!!
Your cactus giant hits the orc high priest with a +0 giant spiked club!!
You see here a +0 hand axe.
Something hits your mana viper! Something shocks your mana viper!
Something closely misses your mana viper.
Something hits your mana viper! Something shocks your mana viper!
The sixfirhy misses your mana viper. The sixfirhy hits your mana viper.
The sixfirhy shocks your mana viper! The sixfirhy hits your mana viper!
The sixfirhy shocks your mana viper!
Your mana viper dies!
Your mana viper disappears in a puff of smoke!
You see here a +0 hand axe.
The sixfirhy attacks as you move away! The sixfirhy misses you.
The sixfirhy hits you but does no damage.
The sixfirhy hits you! The sixfirhy shocks you!
* * * LOW HITPOINT WARNING * * *
The sixfirhy hits you.
* * * LOW HITPOINT WARNING * * *
A demonic guardian appears!
The sixfirhy shocks you!
* * * LOW HITPOINT WARNING * * *
The sixfirhy barely misses you.
You feel yourself speed up. The sixfirhy hits you.
* * * LOW HITPOINT WARNING * * *
The sixfirhy shocks you!
You die...

......)(..#.#.)..................
......#..#..)..[...........#...##
......#.)).)..[.)..............##
......).^....^.[.................
........)...)....................
.#........#.)....................
.......))..#.#...3...............
......)...#..#.3.................
####.)o#######..@................
##..)[)..## #........#..........
#..#)).#..# #...................
#.........## #..#................
...#...#...# #.#..........##.#...
.....C.....###.##.#........###...
...#...#....##. ####.....)[......
............##. ##.....#[.......
...#..o#....## ###.....#.<[#.#.#.


You could see a sixfirhy (summoned, ally target) and a friendly sixfirhy
(summoned).

Vanquished Creatures
  An orc sorcerer (Orc:2)
  A tengu conjurer (D:14)
  A warg (Orc:1)
  An orc warrior (Orc:2)
  An ogre (Orc:1)
  A phantom (D:4)
  A necrophage (D:5)
  6 orc priests
  An orc wizard (Orc:1)
  An adder (D:5)
  3 orcs (Orc:1)
  An endoplasm (D:3)
  2 hobgoblins (D:1)
  A goblin (D:3)
  2 rats (D:1)
24 creatures vanquished.

Vanquished Creatures (collateral kills)
  Louise (D:14)
  An ironbound preserver (D:13)
  Nessos (Lair:3)
  Azrael (D:13)
  3 dire elephants (Lair:5)
  An entropy weaver (shapeshifter) (D:14)
  Harold (Lair:2)
  2 hydras (D:14)
  4 boulder beetles
  A catoblepas (Lair:2)
  2 two-headed ogres
  Erica (D:11)
  6 centaur warriors
  An orc high priest (Orc:2)
  Amaemon (D:8)
  Sonja (Lair:2)
  2 spectral death yaks (Lair:5)
  7 skeletal warriors
  A spectral anaconda (Lair:5)
  5 orc knights (Orc:2)
  Pikel (D:8)
  3 necromancers (Lair:5)
  2 ugly things (D:13)
  3 deep elf pyromancers
  4 cyclopes
  A manticore (D:12)
  7 elephants (Lair:5)
  4 black mambas
  Maurice (D:8)
  An orange demon (D:8)
  Joseph (D:9)
  8 cane toads
  2 gargoyles
  An unseen horror (D:12)
  Psyche (D:8)
  A dire elephant skeleton (Lair:5)
  A rime drake (Lair:1)
  10 komodo dragons
  A kobold demonologist (D:12)
  A freezing wraith (D:14)
  A tengu conjurer (D:13)
  A polar bear (Lair:5)
  A queen bee (D:14)
  9 trolls
  Prince Ribbit (D:9)
  6 meliai
  A hornet (D:9)
  14 blink frogs
  2 spectral elephants (Lair:5)
  9 slime creatures
  A spriggan (shapeshifter) (D:14)
  39 yaks
  5 wyverns
  3 wraiths
  A vampire (D:12)
  A fire elemental (D:13)
  7 nameless horrors
  7 basilisks
  2 steam dragons
  18 vampire mosquitoes
  A spectral cane toad (Lair:5)
  An acid dragon (D:9)
  11 water moccasins
  4 hell hounds (D:13)
  21 orc warriors
  2 ice beasts (D:7)
  An elephant zombie (Lair:5)
  2 black bears (D:6)
  A swamp drake (Lair:3)
  19 wolves
  5 ogres
  7 centaurs
  A phantom (D:7)
  An elephant skeleton (Lair:5)
  3 kobold brigands
  Blork the orc (D:6)
  2 gnoll sergeants
  14 bullfrogs
  6 scorpions
  2 wights (D:8)
  21 killer bees (D:14)
  2 elephant simulacra (Lair:5)
  3 howler monkeys
  Crazy Yiuf (D:3)
  11 orc priests
  4 hounds
  2 gnoll boudas
  2 iguanas (Lair:3)
  10 orc wizards
  27 gnolls
  7 adders
  A shadow imp (D:7)
  2 ufetubi
  2 worms (D:2)
  2 dart slugs
  77 orcs
  4 bats
  10 endoplasms
  2 giant cockroaches
  10 goblins
  8 hobgoblins
  5 jackals (D:4)
  19 kobolds
  5 quokkas
  5 ball pythons
  2 frilled lizards (D:1)
  2 rats (D:3)
  A spectral orc (D:5)
578 creatures vanquished.

Vanquished Creatures (others)
  Maggie (D:8)
  A wyvern (D:8)
  A vampire mosquito (D:10)
  2 orc warriors
  A black bear (D:5)
  2 ice beasts
  A kobold brigand (D:8)
  A gnoll sergeant (D:7)
  2 scorpions (D:6)
  2 wights (D:8)
  3 orc priests
  A hound (D:5)
  An orc wizard (D:7)
  2 gnolls
  6 orcs
  A goblin (D:8)
  A kobold (D:8)
  18 fungi
  32 plants
  14 withered plants (Lair:5)
93 creatures vanquished.

Grand Total: 695 creatures vanquished

Notes
Turn   | Place    | Note
-------+----------+-------------------------------------------
     0 | D:1      | wormed the Demonspawn Summoner began the quest for the Orb.
     0 | D:1      | Reached XP level 1. HP: 13/13 MP: 3/3
   306 | D:1      | Gained mutation: You have large cloven feet. [demonic
                  | ancestry]
   306 | D:1      | Reached XP level 2. HP: 19/19 MP: 1/5
   354 | D:1      | Found a faded altar of an unknown god.
   986 | D:1      | Gained mutation: You have hoof-like feet. [demonic
                  | ancestry]
   986 | D:1      | Reached XP level 3. HP: 24/24 MP: 2/6
   990 | D:1      | Learned a level 3 spell: Call Canine Familiar
  1722 | D:2      | Identified the +1 robe of a sewer {*Slow rN++ Will+}
  2159 | D:3      | Reached skill level 5 in Summonings
  2185 | D:3      | Noticed a scorpion
  2205 | D:3      | Killed a scorpion
  2206 | D:3      | Reached skill level 1 in Hexes
  2206 | D:3      | Gained mutation: You sometimes gain a little power by
                  | taking damage. [demonic ancestry]
  2206 | D:3      | Reached XP level 4. HP: 20/30 MP: 1/8
  2282 | D:2      | Learned a level 3 spell: Summon Guardian Golem
  2851 | D:3      | Found a runed translucent door.
  2852 | D:3      | Noticed Crazy Yiuf
  2863 | D:3      | Killed Crazy Yiuf
  2864 | D:3      | Reached XP level 5. HP: 35/35 MP: 3/9
  3282 | D:4      | Found a transporter.
  3310 | D:4      | Reached skill level 6 in Summonings
  3310 | D:4      | Gained mutation: A weak demonic guardian rushes to your
                  | aid. [demonic ancestry]
  3310 | D:4      | Reached XP level 6. HP: 41/41 MP: 3/11
  4116 | D:4      | Learned a level 4 spell: Summon Lightning Spire
  4283 | D:4      | Found a transporter.
  4392 | D:5      | Entered Level 5 of the Dungeon
  4437 | D:5      | Gained mutation: You sometimes gain power by taking damage.
                  | [demonic ancestry]
  4437 | D:5      | Reached XP level 7. HP: 46/46 MP: 6/12
  4725 | D:5      | Reached skill level 7 in Summonings
  4931 | D:5      | Found a staircase to the Ecumenical Temple.
  5151 | D:5      | Reached XP level 8. HP: 52/52 MP: 10/15
  5213 | D:5      | Reached skill level 8 in Summonings
  5385 | D:5      | Found a basalt altar of Yredelemnul.
  5790 | D:6      | Noticed Blork the orc
  5793 | D:6      | Reached skill level 5 in Spellcasting
  5793 | D:6      | Reached skill level 1 in Air Magic
  5818 | D:6      | Killed Blork the orc
  6336 | D:6      | Found a blossoming altar of Fedhas.
  6461 | D:6      | Reached skill level 9 in Summonings
  6638 | D:6      | Learned a level 6 spell: Summon Cactus Giant
  6692 | Temple   | Entered the Ecumenical Temple
  6709 | Temple   | Became a worshipper of Vehumet
  6914 | D:7      | Reached XP level 9. HP: 45/57 MP: 7/17
  6925 | D:7      | Noticed a troll
  6932 | D:7      | Killed a troll
  7112 | D:7      | Reached skill level 10 in Summonings
  7131 | D:7      | Reached * piety under Vehumet
  7131 | D:7      | Offered knowledge of Shock by Vehumet.
  7880 | D:8      | Found a flagged portal.
  7978 | Bailey   | Entered a bailey
  8302 | Bailey   | Reached ** piety under Vehumet
  8302 | Bailey   | Offered knowledge of Kiss of Death by Vehumet.
  8659 | D:8      | Noticed Psyche
  8676 | D:8      | Killed Psyche
  8763 | D:8      | Found a shimmering blue altar of Sif Muna.
  9021 | D:8      | Noticed Maggie
  9042 | D:8      | Killed Maggie
  9043 | D:8      | Gained mutation: You have hooves in place of feet. [demonic
                  | ancestry]
  9043 | D:8      | Reached XP level 10. HP: 48/63 MP: 9/20
  9062 | D:8      | Reached skill level 5 in Air Magic
  9310 | D:8      | Reached skill level 11 in Summonings
  9420 | D:8      | Noticed Maurice
  9555 | D:8      | Killed Maurice
  9680 | D:8      | Noticed Pikel
  9897 | D:8      | Killed Pikel
  9952 | D:8      | Found a hazy altar of Hepliaklqana.
  9952 | D:8      | Noticed Amaemon
  9952 | D:8      | Noticed an orange demon
  9956 | D:8      | Killed an orange demon
 10010 | D:8      | Killed Amaemon
 10230 | D:9      | Noticed Joseph
 10237 | D:9      | Killed Joseph
 10238 | D:9      | Reached skill level 12 in Summonings
 10362 | D:9      | Found a stormy altar of Qazlal.
 10380 | D:9      | Offered knowledge of Searing Ray by Vehumet.
 10425 | D:9      | Found a broken altar of Ashenzari.
 10696 | D:9      | Found a bloodstained altar of Trog.
 10911 | D:9      | Noticed Prince Ribbit
 10944 | D:9      | Killed Prince Ribbit
 11005 | D:9      | Reached XP level 11. HP: 55/68 MP: 16/23
 11234 | D:9      | Found an ancient bone altar of Kikubaaqudgha.
 11292 | D:10     | Entered Level 10 of the Dungeon
 11322 | D:10     | Reached *** piety under Vehumet
 11366 | D:10     | Found a staircase to the Lair.
 11445 | D:10     | Reached skill level 13 in Summonings
 11452 | D:10     | Gained mutation: When seriously injured, your blood forms
                  | armour. (AC +6) [demonic ancestry]
 11452 | D:10     | Reached XP level 12. HP: 88/88 MP: 10/24
 11688 | D:10     | Found a sparkling altar of Nemelex Xobeh.
 11702 | D:10     | Offered knowledge of Airstrike by Vehumet.
 11782 | D:10     | Found an opulent altar of Gozag.
 11782 | D:10     | Found Sairgh's Armour Emporium.
 12309 | D:11     | Found Illeaso's One-of-a-Kind Rings.
 12871 | D:11     | Noticed Erica
 12916 | D:11     | Killed Erica
 13392 | Lair:1   | Entered Level 1 of the Lair of Beasts
 14322 | Lair:2   | Reached **** piety under Vehumet
 14387 | Lair:2   | Noticed Harold
 14394 | Lair:2   | Killed Harold
 14398 | Lair:2   | Offered knowledge of Inner Flame by Vehumet.
 14410 | Lair:2   | Learned a level 3 spell: Inner Flame
 14425 | Lair:2   | Identified the +0 war axe "Fanluig" {flame, rC+ rN+ Str-5}
 14440 | Lair:2   | Found a hole to the Spider Nest.
 14454 | Lair:2   | Reached skill level 14 in Summonings
 14614 | Lair:2   | Noticed a catoblepas
 14622 | Lair:2   | Killed a catoblepas
 15328 | Lair:2   | Gained mutation: A demonic guardian rushes to your aid.
                  | [demonic ancestry]
 15328 | Lair:2   | Reached XP level 13. HP: 100/100 MP: 18/25
 15690 | Lair:2   | Noticed Sonja
 15696 | Lair:2   | Killed Sonja
 15927 | Spider:1 | Entered Level 1 of the Spider Nest
 16022 | Lair:3   | Reached ***** piety under Vehumet
 16025 | Lair:3   | Offered knowledge of Ozocubu's Refrigeration by Vehumet.
 16039 | Lair:3   | Learned a level 7 spell: Ozocubu's Refrigeration
 16069 | Lair:3   | Found a staircase to the Swamp.
 16189 | Lair:3   | Found a transporter.
 16193 | Lair:3   | Noticed Newt's ghost (journeyman KoHu)
 16226 | Lair:3   | Found a transporter.
 16488 | Lair:3   | Noticed Nessos
 16503 | Lair:3   | Killed Nessos
 17042 | Lair:3   | Identified the amulet "Unept" {Faith rPois Str+2}
 18270 | Lair:5   | Entered Level 5 of the Lair of Beasts
 18773 | Lair:5   | Reached skill level 10 in Fighting
 18773 | Lair:5   | Reached skill level 10 in Spellcasting
 18931 | Lair:5   | Found a staircase to the Slime Pits.
 19280 | Lair:5   | Noticed a dire elephant
 19281 | Lair:5   | Noticed a dire elephant
 19547 | Lair:5   | Killed a dire elephant
 19750 | Lair:5   | Killed a dire elephant
 19865 | Lair:5   | Identified the +0 ring mail of Masochism {rN+ rCorr}
 19909 | Lair:5   | Noticed a dire elephant
 20252 | Lair:5   | Killed a dire elephant
 20256 | Lair:5   | Reached skill level 10 in Dodging
 20371 | Lair:5   | Reached XP level 14. HP: 110/110 MP: 23/29
 20967 | D:12     | Found a staircase to the Orcish Mines.
 21574 | D:12     | Offered knowledge of Lee's Rapid Deconstruction by Vehumet.
 21576 | D:12     | Reached skill level 1 in Fire Magic
 22001 | D:12     | Found a portal to a secret trove of treasure.
 22349 | D:13     | Noticed a tengu reaver
 22349 | D:13     | Noticed a fire giant
 22351 | D:13     | Found a runed translucent door.
 22353 | D:13     | Noticed a tengu reaver
 22651 | D:13     | Found a gate to the Vaults.
 22651 | D:13     | Noticed an ironbound preserver
 22701 | D:13     | Reached skill level 5 in Fire Magic
 22865 | D:13     | Killed an ironbound preserver
 23885 | D:13     | Noticed Azrael
 23911 | D:13     | Killed Azrael
 24176 | D:13     | Offered knowledge of Fireball by Vehumet.
 24183 | D:13     | Learned a level 5 spell: Fireball
 25176 | D:14     | Reached XP level 15. HP: 95/115 MP: 25/31
 25290 | D:14     | Found an opulent altar of Gozag.
 25296 | D:14     | Identified the +1 scale mail of Instinct {rC+ Int+3}
 25341 | D:14     | Noticed Louise
 25350 | D:14     | Killed Louise
 25403 | D:14     | Reached skill level 10 in Fire Magic
 25969 | Orc:1    | Entered Level 1 of the Orcish Mines
 26148 | Orc:1    | Found Dyhirhan's Magic Scroll Boutique.
 26151 | Orc:1    | Bought a scroll of acquirement for 624 gold pieces
 26151 | Orc:1    | Acquired the Atlas of Helpful Assaults
 26163 | Orc:1    | Learned a level 5 spell: Summon Mana Viper
 26315 | Orc:2    | Entered Level 2 of the Orcish Mines
 26315 | Orc:2    | Found a staircase to the Elven Halls.
 26966 | Orc:2    | Offered knowledge of Freezing Cloud by Vehumet.
 27272 | Orc:2    | Slain by a sixfirhy

Illustrated notes

Levels and vault maps discovered:
D:1:      shiori_shiawase, layout_loops_ring,
          ebering_ecumenical_altar_sacrificial
D:2:      layout_loops_ring, hangedman_decor_clover_reticule
D:3:      layout_rooms, uniq_crazy_yiuf_cottage
D:4:      gammafunk_steamed_eel, layout_cave_pods
D:5:      layout_loops_ring, yredelemnul_forgotten_temple_becter,
          minmay_temple_entry_proselytizer, serial_park_tiny_pond
D:6:      layout_cave_pools, mainiacjoe_overflow_boulevard, grunt_ministairs_12,
          uniq_blork_the_orc
D:7:      layout_rooms
D:8:      layout_loops_ring, mainiacjoe_overflow_swirl, enter_bailey_5,
          uniq_amaemon, uniq_maggie, uniq_maurice, uniq_psyche, uniq_pikel
D:9:      layout_big_octagon, lemuel_tele_altar, ashenzari_conservatory_becter,
          nicolae_qazlal_style_of_elements, lemuel_round_altar,
          uniq_prince_ribbit1, uniq_joseph
D:10:     layout_basic, mainiacjoe_overflow_six_doors_small,
          mainiacjoe_overflow_chevrons, david_lair_shrubbed, serial_shops,
          nicolae_shop_temple_entry_statues_fountains
D:11:     layout_cave_pods, nicolae_shop_unique_rings, uniq_erica
D:12:     layout_rooms, orc_0_dummy, nicolae_trove_entry_isolated
D:13:     minmay_gate_of_8, layout_basic, skrybe_vaults_entry_preservation,
          uniq_azrael
D:14:     layout_roguey [special_room_bee], serial_park_gazebo
          [serial_park_minivault_5x5_4], uniq_louise
Temple:   hellmonk_temple_two_chambers
Lair:1:   layout_long_grid, infiniplex_staircase_pool, lemuel_fruit_fields
Lair:2:   layout_cave_pods, dummy_spider_entry, lemuel_fruit_tree,
          serial_bayou_shore_b, grunt_megastairs_4, uniq_sonja, uniq_harold
Lair:3:   layout_long_grid, minmay_swamp_entry_reptiles, gammafunk_ghost_arena,
          chequers_serial_rivers_small_3, uniq_nessos
Lair:4:   layout_misc_corridors, kennysheep_basilisk_garden
Lair:5:   due_jungle_book, layout_gridlike, dpeg_slime_entry_enclosed,
          gauntlet_entry_generic, basic_altar, chequers_serial_rivers_small_3,
          infiniplex_staircase_pool_2
Spider:1: layout_chambers, ebering_ghost_reflecting_pool, uniq_asterion
Orc:1:    layout_caves, serial_shops, nicolae_shop_behind_doors, basic_altar,
          nicolae_orc_crystal_geode
Orc:2:    st_orc_pillars, layout_caves, nicolae_orc_pool_cavern

Skill      XL: |  1  2  3  4  5  6  7  8  9 10 11 12 13 14 15 |
---------------+----------------------------------------------+-----
Summonings     | 5 6 7 9 10 12 13 14 | 14.0
Hexes          | 1 2 3 4 |  4.0
Spellcasting   | 3 4 5 7 8 11 12 | 12.0
Air Magic      | 2 4 6 7 |  7.0
Fighting       | 6 8 10 | 10.0
Dodging        | 6 8 10 | 10.0
Fire Magic     | 9 11 | 11.6
Stealth        | |  1.7

Action                   |  1- 3 |  4- 6 |  7- 9 | 10-12 | 13-15 || total
-------------------------+-------+-------+-------+-------+-------++-------
Melee: Unarmed           |    34 |    30 |    27 |    20 |    49 ||   160
       Kick              |     5 |     9 |     6 |     8 |    26 ||    54
 Cast: Summon Small Mamm |    59 |    42 |    15 |     5 |       ||   121
       Call Canine Famil |     6 |    25 |    44 |    35 |    55 ||   165
       Summon Guardian G |       |       |    27 |    19 |       ||    46
       Summon Lightning  |       |       |    20 |    21 |    48 ||    89
       Summon Cactus Gia |       |       |       |    30 |   167 ||   197
       Fireball          |       |       |       |       |    20 ||    20
       Summon Mana Viper |       |       |       |       |    23 ||    23
Evoke: Wand              |       |     1 |       |       |       ||     1
  Use: Scroll            |    10 |     8 |     3 |     8 |     7 ||    36
       Potion            |       |       |       |     1 |     8 ||     9
 Stab: Distracted        |       |     1 |     1 |       |     1 ||     3
Armor: Robe              |    21 |    23 |    14 |       |       ||    58
       Steam dragon scal |       |       |    30 |    18 |       ||    48
       Troll leather arm |       |       |       |    35 |   141 ||   176
Dodge: Dodged            |    50 |    33 |    89 |    78 |   345 ||   595

Table legend: (Time is in decaauts)
 A = Elapsed time spent in this place.
 B = Non-inter-level travel time spent in this place.
 C = Inter-level travel time spent in this place.
 D = Time resting spent in this place.
 E = Time spent auto-exploring this place.
 F = Levels seen in this place.
 G = Mean time per level.
                   A        B        C        D        E       F      G
               +--------+--------+--------+--------+--------+-----+--------+
         Total |  27315 |  26257 |   1058 |     36 |  20371 |  24 | 1138.1 |
       Dungeon |  17794 |  17059 |    735 |     29 |  13130 |  14 | 1271.0 |
        Temple |     26 |     20 |      6 |      0 |     12 |   1 |   26.0 |
          Lair |   7526 |   7229 |    297 |      7 |   5931 |   5 | 1505.2 |
   Spider Nest |      1 |      1 |      0 |      0 |      0 |   1 |    1.0 |
  Orcish Mines |   1307 |   1289 |     18 |      0 |    846 |   2 |  653.5 |
        Bailey |    658 |    658 |      0 |      0 |    452 |   1 |  658.0 |
               +--------+--------+--------+--------+--------+-----+--------+

Top non-repeatable levels by time:
  Lair:5: 2558 daAuts
    D:13: 2207 daAuts
  Lair:2: 1833 daAuts
     D:8: 1641 daAuts
    D:14: 1489 daAuts
     D:4: 1481 daAuts
     D:1: 1358 daAuts
    D:11: 1274 daAuts
     D:5: 1226 daAuts
  Lair:4: 1213 daAuts
     D:7: 1178 daAuts
  Lair:3: 1143 daAuts
    D:12: 1102 daAuts
    D:10: 1092 daAuts
     D:6: 1080 daAuts
